 Dungeon Crawl Stone Soup version 0.25-a0-24-g72dcfe0359 (webtiles) character file.

Game seed: 591677345906514438, levelgen mode: deterministic

2798 Arixos the Thaumaturge (level 9, -4/66 HPs)
             Began as a Gnoll Wizard on Oct 17, 2019.
             Was an Initiate of Ashenzari.
             Slain by a troll (15 damage)
             ... on level 9 of the Dungeon.
             The game lasted 00:54:05 (9205 turns).

Arixos the Thaumaturge (Gnoll Wizard)               Turns: 9205, Time: 00:54:05

Health: -4/66      AC:  6    Str:  9    XL:     9   Next: 71%
Magic:  2/21       EV: 15    Int: 23    God:    Ashenzari [......]
Gold:   292        SH:  5    Dex: 15    Spells: 14/25 levels left

rFire    + . .     SeeInvis .   G - +2 whip (venom)
rCold    . . .     Gourm    .   g - +0 buckler {rPois}
rNeg     + . .     Faith    .   C - +0 leather armour {rN+}
rPois    +         Spirit   .   b - +0 hat
rElec    .         Reflect  .   E - scarf {cloud immunity}
rCorr    .         Harm     .   a - +0 pair of gloves (curse)
MR       .....                  t - +0 pair of boots
Stlth    +++.......             K - amulet of regeneration (curse)
HPRegen  0.61/turn              c - ring of protection from fire (curse)
MPRegen  0.17/turn              q - ring of wizardry (curse)

@: slowed, very slow
A: distributed training, fangs 1, strong nose
a: Curse Item, Renounce Religion


You were on level 9 of the Dungeon.
You worshipped Ashenzari.
Ashenzari was noncommittal.
You were not hungry.

You visited 2 branches of the dungeon, and saw 10 of its levels.

You collected 292 gold pieces.

Inventory:

Hand Weapons
 G - a +2 whip of venom (weapon)
Missiles
 u - 46 poisoned darts (quivered)
 J - 7 datura-tipped darts
Armour
 a - a cursed +0 pair of gloves (worn)
 b - a +0 hat (worn)
 g - a +0 buckler of poison resistance (worn)
 t - a +0 pair of boots (worn)
 B - +0 fire dragon scales
 C - a +0 leather armour of positive energy (worn)
 E - a scarf of cloud immunity (worn)
 O - a scarf of spirit shield
Jewellery
 c - a cursed ring of protection from fire (left hand)
 q - a cursed ring of wizardry (right hand)
 K - a cursed amulet of regeneration (around neck)
Wands
 p - a wand of iceblast (10)
Scrolls
 f - 9 scrolls of identify {unknown}
 j - a scroll of immolation {unknown}
 m - 4 scrolls of enchant weapon {unknown}
 n - a scroll of fog {unknown}
 o - 5 scrolls of teleportation {unknown}
 r - a scroll of noise {unknown}
 s - a scroll of silence {unknown}
 v - 2 scrolls of fear {unknown}
 w - a scroll of remove curse
 x - 2 scrolls of amnesia {unknown}
 y - a scroll of blinking {unknown}
 A - a scroll of magic mapping {unknown}
 N - a scroll of vulnerability {unknown}
Potions
 e - 2 potions of magic {unknown}
 h - 9 potions of curing {unknown}
 i - 2 potions of flight {unknown}
 k - 3 potions of heal wounds {unknown}
 l - 3 potions of invisibility {unknown}
 z - 2 potions of agility {unknown}
 F - a potion of lignification {unknown}
 H - a potion of resistance {unknown}
 I - a potion of degeneration {unknown}
 L - a potion of might {unknown}
 M - a potion of haste {unknown}
Comestibles
 d - 11 rations


   Skills:
 + Level 4.4 Fighting
 + Level 4.4 Short Blades
 + Level 4.4 Long Blades
 + Level 4.4 Axes
 + Level 4.4 Maces & Flails
 + Level 4.4 Polearms
 + Level 4.4 Staves
 + Level 4.4 Slings
 + Level 4.4 Bows
 + Level 4.4 Crossbows
 + Level 4.4 Throwing
 + Level 4.4 Armour
 + Level 6.4 Dodging
 + Level 6.2 Stealth
 + Level 4.4 Shields
 + Level 4.4 Unarmed Combat
 + Level 8.5 Spellcasting
 + Level 4.3 Conjurations
 + Level 3.6 Hexes
 + Level 3.6 Charms
 + Level 4.3 Summonings
 + Level 3.6 Necromancy
 + Level 4.3 Translocations
 + Level 3.6 Transmutations
 + Level 3.6 Fire Magic
 + Level 3.6 Ice Magic
 + Level 3.6 Air Magic
 + Level 3.6 Earth Magic
 + Level 3.6 Poison Magic
 + Level 4.9 Invocations
 + Level 4.4 Evocations


You had 14 spell levels left.
You knew the following spells:

 Your Spells              Type           Power        Failure   Level  Hunger
a - Magic Dart            Conj           ####         1%          1    None
c - Mephitic Cloud        Conj/Pois/Air  ####....     2%          3    None
e - Blink                 Tloc           N/A          1%          2    None
f - Conjure Flame         Conj/Fire      ####....     2%          3    None
q - Call Imp              Summ           ####....     1%          2    None

Your spell library contained the following spells:

 Spells                   Type           Power        Failure   Level  Hunger
 Slow                     Hex            ####....     1%          2    None


Dungeon Overview and Level Annotations

Branches:
Dungeon (9/15)             Temple (1/1) D:4
   Lair: D:8-11         Orc: D:9-12

Altars:
Ashenzari
Cheibriados
Dithmenos
Elyvilon
Fedhas
Gozag
Hepliaklqana
Kikubaaqudgha
Makhleb
Nemelex Xobeh
Okawaru
Qazlal
Ru
Sif Muna
Vehumet
Wu Jian
Xom
Zin
The Shining One
Lugonu

Annotations:
D:8 Erica
D:9 Erolcha, Gastronok


Innate Abilities, Weirdness & Mutations

Your experience applies equally to all skills.
You have very sharp teeth.
Your uncanny sense of smell can sniff out nearby items.


Message History

The centaur skeleton hits you.
Gastronok waves his eye-stalks in wide circles.
The air twists around and violently strikes your crimson imp in flight!!
Your crimson imp dies!
Gastronok gurgles horribly!
You hit the centaur skeleton.
You destroy the centaur skeleton!
The troll bites you. The troll barely misses you. The troll misses you.
Gastronok gurgles, "It's true, you are what you eat."
The troll barely misses you. The troll claws you.
* * * LOW HITPOINT WARNING * * *
The troll claws you!
* * * LOW HITPOINT WARNING * * *
Gastronok makes a strange noise.
Gastronok bubbles merrily.
Casting: Mephitic Cloud (safe; 2% risk of failure)
Confirm with . or Enter, or press ? or * to list all spells.
You blink.
The troll bites you!
You die...

#................
##................
#..........#.....
#######..###.....
##.## #..# ##.#
######.###
#.@T.....#
#....)...#
#.)......#
#........#
#........#
#######w## #r.# #
##.#.####
#.w.ยง..#


You could see Gastronok, a troll and a rat.

Vanquished Creatures
  A wyvern (D:9)
  Eustachio (D:5)
  A sky beast (D:6)
  An orc warrior (D:8)
  2 black bears
  2 ogres
  2 phantoms
  Blork the orc (D:6)
  3 bullfrogs
  A howler monkey (D:8)
  3 crimson imps
  A bullfrog zombie (D:6)
  A hound (D:5)
  3 orc priests
  3 orc wizards
  A centaur skeleton (D:9)
  4 worker ants
  An iguana (D:7)
  An ogre zombie (D:8)
  A howler monkey skeleton (D:4)
  A worker ant zombie (D:5)
  5 adders
  3 shadow imps
  An ooze (D:2)
  An adder skeleton (D:6)
  A worm (D:2)
  A dart slug (D:1)
  6 leopard geckos
  13 orcs
  3 giant cockroaches
  6 goblins
  5 hobgoblins
  9 jackals
  3 kobolds
  4 quokkas
  2 ball pythons
  A bat (D:1)
  3 frilled lizards
  A jackal skeleton (D:4)
  4 rats
107 creatures vanquished.

Vanquished Creatures (collateral kills)
  A two-headed ogre (D:5)
  2 hungry ghosts (D:7)
  An ice beast (D:9)
  3 ogres
  A phantom (D:6)
  A centaur (D:5)
  A bullfrog (D:6)
  A scorpion (D:7)
  An orc priest (D:2)
  An orc wizard (D:4)
  A hound (D:9)
  A worker ant (D:6)
  A worker ant zombie (D:6)
  4 gnolls (D:6)
  A worm (D:6)
  An adder skeleton (D:7)
  6 orcs
  A bat (D:1)
  A goblin (D:2)
  2 hobgoblins (D:2)
  A jackal (D:4)
  A frilled lizard (D:4)
34 creatures vanquished.

Grand Total: 141 creatures vanquished

Notes
Turn   | Place    | Note
-------+----------+-------------------------------------------
     0 | D:1      | Arixos the Gnoll Wizard began the quest for the Orb.
     0 | D:1      | Reached XP level 1. HP: 13/13 MP: 8/8
   310 | D:1      | Reached XP level 2. HP: 7/19 MP: 5/10
   527 | D:1      | Learned a level 2 spell: Blink
   530 | D:1      | Learned a level 2 spell: Call Imp
   689 | D:1      | Reached XP level 3. HP: 25/25 MP: 11/11
   694 | D:1      | Learned a level 3 spell: Conjure Flame
   698 | D:1      | Learned a level 3 spell: Mephitic Cloud
  1202 | D:2      | Reached skill level 1 in Invocations
  1477 | D:2      | Reached skill level 1 in Fighting
  1477 | D:2      | Reached skill level 1 in Short Blades
  1477 | D:2      | Reached skill level 1 in Long Blades
  1477 | D:2      | Reached skill level 1 in Axes
  1477 | D:2      | Reached skill level 1 in Maces & Flails
  1477 | D:2      | Reached skill level 1 in Polearms
  1477 | D:2      | Reached skill level 1 in Staves
  1477 | D:2      | Reached skill level 1 in Slings
  1477 | D:2      | Reached skill level 1 in Bows
  1477 | D:2      | Reached skill level 1 in Crossbows
  1477 | D:2      | Reached skill level 1 in Throwing
  1477 | D:2      | Reached skill level 1 in Armour
  1477 | D:2      | Reached skill level 1 in Shields
  1477 | D:2      | Reached skill level 1 in Unarmed Combat
  1477 | D:2      | Reached skill level 1 in Evocations
  1548 | D:2      | Found a glowing golden altar of the Shining One.
  1578 | D:2      | Reached XP level 4. HP: 32/32 MP: 4/13
  1928 | D:2      | Reached skill level 1 in Hexes
  1928 | D:2      | Reached skill level 1 in Charms
  1928 | D:2      | Reached skill level 1 in Necromancy
  1928 | D:2      | Reached skill level 1 in Transmutations
  1928 | D:2      | Reached skill level 1 in Fire Magic
  1928 | D:2      | Reached skill level 1 in Ice Magic
  1928 | D:2      | Reached skill level 1 in Air Magic
  1928 | D:2      | Reached skill level 1 in Earth Magic
  1928 | D:2      | Reached skill level 1 in Poison Magic
  2592 | D:3      | Found a shadowy altar of Dithmenos.
  2681 | D:3      | Found a snail-covered altar of Cheibriados.
  2685 | D:3      | Found an iron altar of Okawaru.
  2748 | D:4      | Reached XP level 5. HP: 5/37 MP: 2/14
  3097 | D:4      | Found a staircase to the Ecumenical Temple.
  3166 | Temple   | Entered the Ecumenical Temple
  3324 | D:4      | Found a radiant altar of Vehumet.
  3712 | D:4      | Noticed a phantom
  3741 | D:4      | Killed a phantom
  3942 | D:4      | Reached XP level 6. HP: 44/44 MP: 4/16
  4149 | D:4      | Found a white marble altar of Elyvilon.
  4270 | D:4      | Noticed a black bear
  4286 | D:4      | Killed a black bear
  4286 | D:4      | Reached skill level 5 in Dodging
  4424 | D:4      | Found a sacrificial altar of Ru.
  4444 | D:4      | Reached XP level 7. HP: 50/50 MP: 7/18
  4633 | D:4      | Found a hazy altar of Hepliaklqana.
  4827 | D:5      | Entered Level 5 of the Dungeon
  4835 | D:5      | Noticed Eustachio
  4895 | D:5      | Killed Eustachio
  5250 | D:5      | Found a glowing silver altar of Zin.
  5250 | D:5      | Noticed an angel
  5384 | D:5      | Found a shimmering altar of Xom.
  5562 | D:5      | Noticed a two-headed ogre
  5580 | D:5      | HP: 2/51 [two-headed ogre/+0 giant club (22)]
  5581 | D:5      | Killed a two-headed ogre
  5581 | D:5      | Reached skill level 5 in Stealth
  5581 | D:5      | Reached XP level 8. HP: 2/58 MP: 8/19
  6558 | D:6      | Reached skill level 8 in Spellcasting
  6723 | D:6      | Found a sparkling altar of Nemelex Xobeh.
  6857 | D:6      | Noticed Blork the orc
  7063 | D:6      | Killed Blork the orc
  7063 | D:6      | Reached XP level 9. HP: 65/65 MP: 9/21
  7516 | D:7      | Noticed a cyclops
  7607 | D:7      | Found a shattered altar of Ashenzari.
  7611 | D:7      | Became a worshipper of Ashenzari the Shackled
  7811 | D:7      | Got the battleaxe of Joaduap {antimagic, SInv}
  8227 | D:8      | Noticed Erica
  9077 | D:9      | Found an ornate altar of the Wu Jian Council.
  9136 | D:9      | Noticed Erolcha
  9168 | D:9      | Noticed Gastronok
  9180 | D:9      | Noticed a troll
  9205 | D:9      | Slain by a troll

Levels and vault maps discovered:
D:1:      matt_arrival_refuge, layout_basic
D:2:      layout_basic, st_stairs_4, nicolae_tso_carved_into_rock
D:3:      layout_rooms, nicolae_dithmenos_shadow_blocks,
          grunt_temple_overflow_open
D:4:      black_bear_nest_1, layout_layer_cave, nicolae_overflow_hidden_temple,
          nicolae_overflow_crystal_walls, fiery_altar_vehumet,
          lemuel_coloured_pillars_altar, minmay_temple_entry_tees,
          hangedman_abyss_or_decor_lesser_grid
D:5:      layout_gridville, zin_angel, xom_redecorated, first_ration,
          uniq_eustachio
D:6:      layout_basic, old_standard_altar, serial_glass, glass_columns_c,
          glass_columns_a, minivault_4, uniq_blork_the_orc
D:7:      layout_loops_cross, nicolae_ashenzari_panopticon
D:8:      layout_gridville, lemuel_mausoleum_altar_yredelemnul, serial_shops,
          kennysheep_mini_moat, uniq_erica
D:9:      layout_basic, marbit_many_paths, trog_ov_bears_minmay,
          kennysheep_little_box, special_room [special_room_orc],
          serial_bayou_pond_b, uniq_gastronok, uniq_grum, uniq_erolcha
Temple:   corrupted_temple

Skill      XL: |  1  2  3  4  5  6  7  8  9 |
---------------+----------------------------+-----
Conjurations   | 2 3 4 |  4.3
Summonings     | 2 3 4 |  4.3
Translocations | 2 3 4 |  4.3
Invocations    | 1 2 3 4 |  4.9
Fighting       | 1 2 3 4 |  4.4
Short Blades   | 1 2 3 4 |  4.4
Long Blades    | 1 2 3 4 |  4.4
Axes           | 1 2 3 4 |  4.4
Maces & Flails | 1 2 3 4 |  4.4
Polearms       | 1 2 3 4 |  4.4
Staves         | 1 2 3 4 |  4.4
Slings         | 1 2 3 4 |  4.4
Bows           | 1 2 3 4 |  4.4
Crossbows      | 1 2 3 4 |  4.4
Throwing       | 1 2 3 4 |  4.4
Armour         | 1 2 3 4 |  4.4
Shields        | 1 2 3 4 |  4.4
Unarmed Combat | 1 2 3 4 |  4.4
Evocations     | 1 2 3 4 |  4.4
Hexes          | 1 2 3 |  3.6
Charms         | 1 2 3 |  3.6
Necromancy     | 1 2 3 |  3.6
Transmutations | 1 2 3 |  3.6
Fire Magic     | 1 2 3 |  3.6
Ice Magic      | 1 2 3 |  3.6
Air Magic      | 1 2 3 |  3.6
Earth Magic    | 1 2 3 |  3.6
Poison Magic   | 1 2 3 |  3.6
Dodging        | 5 6 |  6.4
Stealth        | 5 6 |  6.2
Spellcasting   | 8 |  8.5

Action                   |  1- 3 |  4- 6 |  7- 9 || total
-------------------------+-------+-------+-------++-------
Melee: Dagger            |    20 |    61 |     3 ||    84
       Bite              |       |     5 |    19 ||    24
       Falchion          |       |       |    42 ||    42
       Whip              |       |       |   133 ||   133
       Punch             |       |       |     6 ||     6
       Unarmed           |       |       |     7 ||     7
 Cast: Magic Dart        |    54 |    96 |    53 ||   203
       Call Imp          |     5 |    23 |    94 ||   122
       Conjure Flame     |     2 |     4 |    27 ||    33
       Mephitic Cloud    |       |     1 |    17 ||    18
       Blink             |       |       |     1 ||     1
Invok: Curse Item        |       |       |     3 ||     3
 Stab: Sleeping          |     4 |     1 |     2 ||     7
       Distracted        |       |       |     3 ||     3
       Confused          |       |       |     3 ||     3
  Eat: Chunk             |     2 |     9 |     6 ||    17
       Ration            |       |       |     4 ||     4
Armor: Robe              |     3 |    13 |       ||    16
       Leather armour    |       |       |    25 ||    25
Dodge: Dodged            |    24 |    51 |   136 ||   211
Block: Buckler           |       |       |     1 ||     1
       Rpst.: Falchion   |       |       |    14 ||    14

Table legend:
 A = Non-vault XP
 B = Vault XP
 C = Vault XP percentage of total XP
 D = Non-vault monster count
 E = Vault monster count
 F = Vault count percentage of total count
                 A         B        C        D         E       F
            +---------+---------+-------+---------+---------+-------
      Total |    3630 |     368 |   9.2 |     135 |       6 |   4.3
            +---------+---------+-------+---------+---------+-------
        D:1 |      37 |       0 |   0.0 |      20 |       0 |   0.0
        D:2 |     100 |      14 |  12.3 |      24 |       2 |   7.7
        D:3 |      14 |       0 |   0.0 |       6 |       0 |   0.0
        D:4 |     359 |     113 |  23.9 |      22 |       1 |   4.3
        D:5 |     730 |     130 |  15.1 |       8 |       1 |  11.1
        D:6 |     847 |      96 |  10.2 |      25 |       1 |   3.8
        D:7 |     587 |       0 |   0.0 |      12 |       0 |   0.0
        D:8 |     487 |      15 |   3.0 |      13 |       1 |   7.1
        D:9 |     469 |       0 |   0.0 |       5 |       0 |   0.0
            +---------+---------+-------+---------+---------+-------
